 Dungeon Crawl Stone Soup version 0.16-a0-331-g39fd2ee (webtiles) character file.

203 Ratboiler the Insei (level 5, -2/33 HPs)
             Began as an Octopode Transmuter on Sept 6, 2014.
             Was an Initiate of Gozag.
             Killed from afar by an orc wizard (9 damage)
             ... with a magic dart
             ... on Level 4 of the Dungeon.
             The game lasted 00:10:27 (3923 turns).

Ratboiler the Insei (Octopode Transmuter)           Turns: 3923, Time: 00:10:29

HP  -2/33        AC  1     Str  9      XL: 5   Next: 81%
MP   9/9         EV 12     Int 16      God: Gozag
Gold 3           SH  0     Dex 13      Spells:  3 memorised,  2 levels left

rFire  . . .     SeeInvis +       - Unarmed
rCold  . . .     Clarity  .     (no shield)
rNeg   . . .     rCorr    .     (helmet restricted)
rPois  .         rRot     .     s - amulet of faith
rElec  .         Spirit   .     e - ring of stealth
SustAb .         Warding  .     h - ring of see invisible
rMut   .         Stasis   .     q - ring of flight
Gourm  .                        (no ring)
MR     .....                    (no ring)
                                (no ring)
                                (no ring)
                                (no ring)

@: not resistant to hostile enchantments, quite stealthy
A: almost no armour, amphibious, 8 rings, constrict 8, camouflage 1, gelatinous
body 1
a: Potion Petition, Call Merchant, Bribe Branch, Renounce Religion, Evoke Flight


You were on level 4 of the Dungeon.
You worshipped Gozag.
Gozag was noncommittal.
You were not hungry.

You visited 2 branches of the dungeon, and saw 5 of its levels.

You collected 80 gold pieces.
You paid 77 gold pieces to Gozag.

Inventory:

Hand weapons
 u - a +0 dagger of chaos
Missiles
 b - 12 arrows
 i - 6 tomahawks (quivered)
 n - 2 throwing nets
Comestibles
 a - 4 bread rations
 c - 11 fruits
 f - a beef jerky
 l - 2 rotting chunks of hobgoblin flesh
 m - 2 meat rations
Scrolls
 g - 2 scrolls of remove curse
 j - a scroll of magic mapping {unknown}
 r - a scroll of recharging {unknown}
 v - a scroll of enchant weapon {unknown}
Jewellery
 e - a ring of stealth (left tentacle)
 h - a ring of see invisible (right tentacle)
 q - a ring of flight (on tentacle)
 s - an amulet of faith (around mantle)
Potions
 k - 2 potions of heal wounds
 o - 2 potions of resistance
 p - a potion of brilliance {unknown}
 w - a potion of haste {unknown}
Books
 d - a book of Changes

   Spells                             Type                      Level
   *Beastly Appendage                 Transmutation                1
   *Sticks to Snakes                  Transmutation                2
   *Spider Form                       Transmutation/Poison         3
   Ice Form                           Ice/Transmutation            4
   Blade Hands                        Transmutation                5


   Skills:
 - Level 1.0 Fighting
 - Level 2.0 Dodging
 + Level 4.9 Stealth
 * Level 5.1 Unarmed Combat
 - Level 2.0 Spellcasting
 - Level 2.0 Transmutations


You had 2 spell levels left.
You knew the following spells:

 Your Spells              Type           Power        Failure   Level  Hunger
a - Beastly Appendage     Trmt           #.....       10%         1    #......
b - Sticks to Snakes      Trmt           #.........   14%         2    ###....
c - Spider Form           Trmt/Pois      #.........   38%         3    ####...


Dungeon Overview and Level Annotations

Branches:
Dungeon (4/15)             Temple (1/1) D:4

Altars:
Cheibriados
Elyvilon
Fedhas
Gozag
Kikubaaqudgha
Makhleb
Nemelex Xobeh
Okawaru
Sif Muna
Xom
Zin
The Shining One


Innate Abilities, Weirdness & Mutations

You cannot wear most types of armour.
You are amphibious.
You can wear up to eight rings at the same time.
You can use your tentacles to constrict many enemies at once.
Your skin changes colour to match your surroundings (Stealth).
Your rubbery body absorbs attacks (AC +1).


Message History

A goblin and an orc come into view.
Your tentacle spike disappears.
The orc wizard gestures wildly while chanting.
The orc wizard seems to speed up.
You see here 23 stones.
The orc wizard points at you and mumbles some strange words.
The magic dart hits you!
The orc wizard points at you and mumbles some strange words.
The magic dart hits you!
The orc wizard points at you and mumbles some strange words.
You resist.
The orc wizard gestures at you while chanting.
The magic dart hits you!
The orc wizard points at you and mumbles some strange words.
The magic dart hits you!
* * * LOW HITPOINT WARNING * * *
The orc wizard gestures at you while chanting.
The magic dart hits you!
You die...
Your body crumbles into a pile of gold.

#.#. #.#. #%#. ############.#.
#............#. #.......%......
################ #............#.
..g.....o.o#.8.####............#.
.......(.oo.....@.'...>.......##.
###########8.>.8###...........+..
#.....# #...........### ##.8.##
#...........'..
#...####...........###
##.###.'...........#
#..##.#...........#
##.##.#...........#
#..#.#...........#


You could see an orc wizard and 3 orcs.

Vanquished Creatures
  A crimson imp (D:3)
  An orc wizard (D:2)
  4 adders
  A gnoll (D:1)
  A giant mite (D:1)
  A worm (D:2)
  3 giant geckos
  3 oozes
  9 orcs (D:3)
  8 bats
  3 giant cockroaches
  6 hobgoblins
  5 jackals (D:3)
  6 kobolds
  A quokka (D:3)
  A ball python (D:2)
  2 giant newts
  9 goblins
  7 rats
72 creatures vanquished.

Notes
Turn   | Place    | Note
--------------------------------------------------------------
     0 | D:1      | Ratboiler, the Octopode Transmuter, began the quest for the Orb.
     0 | D:1      | Reached XP level 1. HP: 13/13 MP: 3/3
   110 | D:1      | Reached skill level 1 in Stealth
   110 | D:1      | Reached XP level 2. HP: 8/18 MP: 4/4
   117 | D:1      | Learned a level 2 spell: Sticks to Snakes
   737 | D:1      | Reached XP level 3. HP: 23/23 MP: 4/6
   742 | D:1      | Learned a level 3 spell: Spider Form
  1182 | D:2      | Found a sparkling altar of Nemelex Xobeh.
  1475 | D:2      | Reached skill level 4 in Unarmed Combat
  1576 | D:2      | Reached XP level 4. HP: 20/28 MP: 3/7
  2124 | D:2      | Found a deep blue altar of Sif Muna.
  2603 | D:3      | Found a glowing golden altar of the Shining One.
  2604 | D:3      | Found an iron altar of Okawaru.
  2890 | D:3      | Reached XP level 5. HP: 22/33 MP: 9/9
  3218 | D:3      | Found a shimmering altar of Xom.
  3218 | D:3      | Found a burning altar of Makhleb.
  3432 | D:2      | Reached skill level 5 in Unarmed Combat
  3791 | D:4      | Found a staircase to the Ecumenical Temple.
  3800 | Temple   | Entered the Ecumenical Temple
  3852 | Temple   | Became a worshipper of Gozag Ym Sagoz the Greedy
  3923 | D:4      | Killed from afar by an orc wizard

Action                   |  1- 3 |  4- 6 || total
-------------------------+-------+-------++-------
Melee: Unarmed           |    54 |   107 ||   161
Throw: Stone             |     1 |     5 ||     6
 Cast: Beastly Appendage |    13 |    16 ||    29
       Spider Form       |     2 |     3 ||     5
  Use: Scroll            |       |     3 ||     3
 Stab: Sleeping          |     8 |     4 ||    12
       Distracted        |       |     1 ||     1
  Eat: Chunk             |     2 |     9 ||    11
